 Dungeon Crawl Stone Soup version 0.19.1-1-g22dce08 (webtiles) character file.

73 dngmouse the Chopper (level 4, -1/41 HPs)
             Began as a Hill Orc Fighter on Jan 15, 2017.
             Slain by PeterLawrence's ghost (7 damage)
             ... on level 3 of the Dungeon.
             The game lasted 00:04:23 (1187 turns).

dngmouse the Chopper (Hill Orc Fighter)             Turns: 1187, Time: 00:04:24

Health: -1/41      AC:  8    Str: 19    XL:     4   Next: 27%
Magic:  4/4        EV:  9    Int:  8    God:
Gold:   63         SH:  0    Dex: 10    Spells: 0 memorised, 3 levels left

rFire  . . .     SeeInvis .     a - +0 battleaxe (vamp)
rCold  + . .     Gourm    .     b - +0 scale mail
rNeg   . . .     Faith    .     (shield currently unavailable)
rPois  .         Spirit   .     (no helmet)
rElec  .         Reflect  .     (no cloak)
rCorr  .         Harm     .     s - +0 pair of gloves
MR     .....                    (no boots)
Stlth  ..........               (no amulet)
                                (no ring)
                                r - ring of protection from cold

@: no status effects
A: no striking features
a: no special abilities


You were on level 3 of the Dungeon.
You were not hungry.

You visited 1 branch of the dungeon, and saw 3 of its levels.

You collected 63 gold pieces.

Inventory:

Hand Weapons
 a - a +0 vampiric battleaxe (weapon)
 k - a cursed -3 hand axe
Missiles
 g - a throwing net
 n - 6 javelins (quivered)
Armour
 b - a +0 scale mail (worn)
 c - a +0 shield
 s - a +0 pair of gloves (worn)
Jewellery
 r - a ring of protection from cold (left hand)
 t - a cursed -2 ring of strength {unknown}
Scrolls
 h - 2 scrolls of noise {unknown}
 m - 2 scrolls of identify {unknown}
 p - a scroll of magic mapping {unknown}
Potions
 d - a potion of might
 e - a potion of curing {unknown}
 i - a potion of agility {unknown}
 j - a potion of cancellation {unknown}
 l - a potion of invisibility {unknown}
 q - a potion of lignification {unknown}
Comestibles
 f - a bread ration


   Skills:
 + Level 4.4 Fighting
 * Level 5.0 Axes
 - Level 3.2 Armour
 - Level 3.2 Shields


You had 3 spell levels left.
You didn't know any spells.

Dungeon Overview and Level Annotations

Branches:
Dungeon (3/15)

Altars:
Gozag

Annotations:
D:3 PeterLawrence's ghost, amateur GrFi


Message History

You kill the giant cockroach!
PeterLawrence's ghost hits you.
PeterLawrence's ghost barely misses you.
All of the chunks of flesh in your inventory have rotted away.
You hit PeterLawrence's ghost.
PeterLawrence's ghost is lightly damaged.
PeterLawrence's ghost closely misses you.
You hit PeterLawrence's ghost.
PeterLawrence's ghost is lightly damaged.
You hit the kobold.
You feel better. PeterLawrence's ghost hits you! The kobold misses you.
You hit the kobold.
You kill the kobold!
You hit PeterLawrence's ghost. PeterLawrence's ghost hits you!
* * * LOW HITPOINT WARNING * * *
PeterLawrence's ghost hits you.
* * * LOW HITPOINT WARNING * * *
You are too injured to fight recklessly!
PeterLawrence's ghost hits you!
You die...

#.#######
#........
#.#......
#.....$..
########.)#....#
#..............
...........#..#.
......†@........
.......W....##..
.......(.......)
......)....#..#.
..>.............
#.........#....#
#...............
#..#.###.#.....


You could see PeterLawrence's ghost.

Vanquished Creatures
  3 adders (D:2)
  2 worms (D:2)
  2 dart slugs
  A giant cockroach (D:3)
  4 hobgoblins
  8 jackals
  2 bats (D:1)
  8 kobolds
  6 rats (D:1)
36 creatures vanquished.

Notes
Turn   | Place    | Note
-------+----------+-------------------------------------------
     0 | D:1      | dngmouse the Hill Orc Fighter began the quest for the Orb.
     0 | D:1      | Reached XP level 1. HP: 19/19 MP: 1/1
   123 | D:1      | Reached skill level 3 in Axes
   192 | D:1      | Reached XP level 2. HP: 14/27 MP: 2/2
   728 | D:2      | Reached skill level 4 in Axes
   728 | D:2      | Reached XP level 3. HP: 22/33 MP: 3/3
   847 | D:2      | Reached XP level 4. HP: 13/41 MP: 4/4
   860 | D:2      | Found an opulent altar of Gozag.
   980 | D:2      | Reached skill level 5 in Axes
  1176 | D:3      | Noticed PeterLawrence's ghost (amateur GrFi)
  1187 | D:3      | Slain by PeterLawrence's ghost

Skill      XL: |  1  2  3  4 |
---------------+-------------+-----
Axes           | 3 4 5 |  5.0
Fighting       | 4 |  4.4
Armour         | |  3.2
Shields        | |  3.2

Action                   |  1- 3 |  4- 6 || total
-------------------------+-------+-------++-------
Melee: War axe           |    92 |       ||    92
       Battleaxe         |       |     7 ||     7
Throw: Javelin           |       |     1 ||     1
  Eat: Bread ration      |       |     1 ||     1
       Pizza             |       |     1 ||     1
Armor: Scale mail        |    52 |     3 ||    55
Dodge: Dodged            |    28 |     4 ||    32
Block: Shield            |    59 |       ||    59
